 Dungeon Crawl Stone Soup version 0.28.0-43-g3370ac3207 (webtiles) character file.

Game seed: 8930109713102027288

184 RascalDebosk the Conjurer (level 5, -2/38 HPs)
             Began as a Draconian Conjurer on Mar 24, 2022.
             Engulfed by a steam dragon's steam (4 damage)
             ... on level 3 of the Dungeon.
             The game lasted 00:36:10 (3467 turns).

RascalDebosk the Conjurer (Draconian Conjurer)      Turns: 3467, Time: 00:36:10

Health: -2/38      AC:  6    Str:  9    XL:     5   Next: 36%
Magic:  8/9        EV: 12    Int: 21    God:
Gold:   157        SH:  0    Dex:  9    Spells: 0/9 levels left

rFire   . . .      SeeInvis .   h - +3 falchion (venom)
rCold   . . .      Faith    .   (no shield)
rNeg    . . .      Spirit   .   (armour unavailable)
rPois   +          Reflect  .   (helmet restricted)
rElec   .          Harm     .   i - +0 cloak
rCorr   .          Rampage  .   (no gloves)
Will    .....                   (no boots)
Stlth   ++........              d - amulet "Geovi" {RegenMP rPois}
HPRegen 0.12/turn               (no ring)
MPRegen 0.51/turn               (no ring)

@: no status effects
A: AC +5, unfitting armour, cold-blooded
a: no special abilities


You were on level 3 of the Dungeon.
You visited 1 branch of the dungeon, and saw 4 of its levels.

You collected 157 gold pieces.

Inventory:

Hand Weapons
 g - a +0 dagger
 h - a +3 falchion of venom (weapon)
Missiles
 b - 3 poisoned darts
 c - 100 stones
Armour
 i - a +0 cloak (worn)
Jewellery
 d - the amulet "Geovi" (around neck) {RegenMP rPois}
   (You acquired it on level 2 of the Dungeon)

   [amulet of magic regeneration]

   It increases your rate of magic regeneration.
   rPois:     It protects you from poison.
 m - an amulet of reflection
Scrolls
 a - a scroll of vulnerability
 l - 2 scrolls of teleportation
Potions
 e - 3 potions of curing {unknown}
 f - a potion of mutation {unknown}
 j - 2 potions of might {unknown}
 k - a potion of haste {unknown}
 o - a potion of degeneration {unknown}


   Skills:
 + Level 2.7 Dodging
 - Level 2.0 Stealth
 + Level 2.9 Spellcasting
 + Level 4.6 Conjurations
 + Level 1.7 Hexes
 + Level 1.1 Translocations
 - Level 1.2 Evocations


You couldn't memorise any spells.
You knew the following spells:

 Your Spells              Type           Power      Damage    Failure   Level
a - Magic Dart            Conj           88%        1d7       1%          1
b - Searing Ray           Conj           44%        2d6       3%          2
c - Fulminant Prism       Conj/Hex       8%         3d7       34%         4
d - Apportation           Tloc           16%        N/A       9%          1
e - Slow                  Hex            40%        N/A       7%          1

Your spell library contained the following spells:

 Spells                   Type           Power      Damage    Failure   Level
 Dazzling Flash           Conj/Hex       32%        N/A       11%         3
 Confusing Touch          Hex            10%        N/A       21%         3
 Vampiric Draining        Necr           3%         2d6       38%         3
 Iskenderun's Mystic Bla  Conj/Tloc      15%        2d5       38%         4
 Irradiate                Conj/Tmut      6%         3d15      82%         5
 Alistair's Intoxication  Tmut/Pois      2%         N/A       98%         5
 Blade Hands              Tmut           1%         N/A       98%         5
 Dragon Form              Tmut           1%         N/A       100%        7


Dungeon Overview and Level Annotations

Branches:
Dungeon (4/15)
 Temple: D:4-7

Altars:

Shops:
D:1 (


Innate Abilities, Weirdness & Mutations

Your plain brown scales are hard. (AC +5)
You cannot fit into any form of body armour.
You are cold-blooded and may be slowed by cold attacks.


Message History

Confirm with . or Enter, or press ? or * to list all spells.
Aiming: Slow (safe; 7% risk of failure)
Press: ? - help, Shift-Dir - straight line, f - steam dragon
Aim: a steam dragon (steam, chance to affect: 49%)
The steam dragon resists with some effort.
Casting: Slow (safe; 7% risk of failure)
Confirm with . or Enter, or press ? or * to list all spells.
Aiming: Searing Ray (safe; 3% risk of failure)
Press: ? - help, Shift-Dir - straight line, f/p - steam dragon
Aim: a steam dragon (steam, 78% to hit)
The searing ray hits the steam dragon.
The steam dragon is lightly wounded. (Press . to maintain the ray.)
The searing ray hits the steam dragon.
The steam dragon is moderately wounded.
You are engulfed in a cloud of scalding steam.
The steam dragon breathes steam at you. The ball of steam hits you!
* * * LOW HITPOINT WARNING * * *
You closely miss the steam dragon.
Your tail-slap misses the steam dragon.
The steam dragon is moderately wounded.
The steam dragon barely misses you. The steam dragon closely misses you.
You hit the steam dragon.
The steam dragon is heavily wounded.
You are engulfed in a cloud of scalding steam.
* * * LOW HITPOINT WARNING * * *
The steam dragon breathes steam at you. The ball of steam misses you.
You closely miss the steam dragon.
The steam dragon is heavily wounded.
You are engulfed in a cloud of scalding steam.
* * * LOW HITPOINT WARNING * * *
The steam dragon bites you but does no damage.
The steam dragon claws you but does no damage.
The steam dragon barely misses you. The steam dragon closely misses you.
You hit the steam dragon.
The steam dragon is poisoned.
You tail-slap the steam dragon, but do no damage.
The steam dragon is heavily wounded.
You are engulfed in a cloud of scalding steam.
You die...

# #..# #....##.....##.##
######### ##.## #...........##.##
#.......# #..# #.#####.###....##
#.......# ##.###....<#.......###
#.......# #..##.###.#..##......
#.......######.##.# #.#..####....
#...............#.#####..#####)..
..........###..[D..............#.
#######.#.# ###§@.##############.
#####...#.# #..§§.§.............<
..#.....#.# #.##§.###############
.##...#.#.# #.#§.>.....#.........
.######.#.###.#.#.####.#.########
......#.#.......#.# #...#
#####.#.#####.###.# #####
#.#.....#.....# #.#####.#######


You could see a steam dragon (very poisoned, catching breath).

Vanquished Creatures
  A scorpion (D:4)
  A bullfrog skeleton (D:4)
  5 adders
  A dart slug (D:2)
  An orc (D:3)
  6 endoplasms
  A giant cockroach (D:1)
  4 goblins
  A hobgoblin (D:3)
  4 jackals (D:2)
  4 quokkas
  4 ball pythons
  8 bats
  A frilled lizard (D:3)
  6 kobolds
  4 rats
52 creatures vanquished.

Vanquished Creatures (others)
  A fulminant prism (D:4)
1 creature vanquished.

Grand Total: 53 creatures vanquished

Notes
Turn   | Place    | Note
-------+----------+-------------------------------------------
     0 | D:1      | RascalDebosk the Draconian Conjurer began the quest for the
                  | Orb.
     0 | D:1      | Reached XP level 1. HP: 14/14 MP: 3/3
   207 | D:1      | Found a faded altar of an unknown god.
   410 | D:1      | Found Depsom's Antique Weapon Shop.
   525 | D:1      | Reached XP level 2. HP: 20/20 MP: 0/5
   851 | D:1      | Learned a level 2 spell: Searing Ray
   945 | D:2      | Reached XP level 3. HP: 17/26 MP: 0/6
  1341 | D:2      | Reached skill level 1 in Evocations
  1373 | D:2      | Reached skill level 1 in Hexes
  1452 | D:2      | Reached XP level 4. HP: 33/33 MP: 0/7
  1457 | D:2      | Learned a level 4 spell: Fulminant Prism
  1778 | D:3      | Learned a level 1 spell: Apportation
  2468 | D:3      | Noticed a steam dragon
  2964 | D:4      | Noticed a black bear
  3143 | D:2      | Identified a scroll of acquirement
  3143 | D:2      | Acquired the amulet "Geovi" {RegenMP rPois}
  3188 | D:4      | Noticed a scorpion
  3198 | D:4      | Killed a scorpion
  3199 | D:4      | Reached skill level 1 in Translocations
  3199 | D:4      | Reached XP level 5. HP: 26/38 MP: 1/9
  3323 | D:4      | Learned a level 1 spell: Slow
  3407 | D:4      | Noticed an ogre
  3467 | D:3      | Engulfed by a steam dragon's steam

Illustrated notes

Levels and vault maps discovered:
D:1:      lemuel_arrival_room, layout_basic, basic_ecumenical_altar,
          serial_shops, nicolae_shop_overgrown_old_shop
D:2:      layout_rooms
D:3:      layout_basic
D:4:      layout_layer_cave, minmay_distorted

Skill      XL: |  1  2  3  4 |
---------------+-------------+-----
Stealth        | 2 |  2.0
Dodging        | 2 |  2.7
Evocations     | 1 |  1.2
Hexes          | 1 |  1.7
Translocations | 1 |  1.1
Spellcasting   | |  2.9
Conjurations   | |  4.6

Action                   |  1- 3 |  4- 6 || total
-------------------------+-------+-------++-------
Melee: Dagger            |     8 |       ||     8
       Tailslap          |     1 |     1 ||     2
       Falchion          |    21 |    10 ||    31
 Cast: Magic Dart        |    49 |    40 ||    89
       Searing Ray       |     1 |     4 ||     5
       Slow              |       |     1 ||     1
       Fulminant Prism   |       |     1 ||     1
  Use: Scroll            |       |     5 ||     5
Armor: Skin              |    14 |    10 ||    24
Dodge: Dodged            |    30 |     9 ||    39
Block: Other             |       |     2 ||     2
